 Dungeon Crawl Stone Soup version bcrawl-1.27.5 (webtiles) character file.

Game seed: 12787770990707395100

177362 Faustar the Cudgeler (level 6, -3/53 HPs)
             Began as a Sand Dwarf Sloth Apostle on Sept 1, 2020.
             Was a Believer of Cheibriados.
             Killed by divine providence
             ... invoked by an orc priest
              (11 damage)
             ... on level 5 of the Dungeon.
             The game lasted 00:07:16 (3684 turns).

Faustar the Cudgeler (Sand Dwarf Sloth Apostle)     Turns: 3684, Time: 00:07:17

Health: -3/53      AC:  7    Str: 22    XL:     6   Next: 98%
Magic:  7/7        EV: 12    Int: 17    God:    Cheibriados [**....]
Gold:   264        SH:  0    Dex: 16    Spells: 6/7 levels left

rFire    + . .     SeeInvis .   a - +1 mace
rCold    . . .     Gourm    .   (shield restricted)
rNeg     . . .     Faith    .   v - +1 ring mail "Hucaatabe" {*Drain rF+ Dex+2} (curse)
rPois    .         Spirit   .   (no helmet)
rElec    .         Reflect  .   (no cloak)
rCorr    .         Harm     .   (no gloves)
MR       .....                  (no boots)
Stlth    ++........             (no amulet)
HPRegen  0.17/turn              (no ring)
MPRegen  0.10/turn              (no ring)

@: very slow
A: small, slowness 1, armour attunement
a: Bend Time, Renounce Religion


You were on level 5 of the Dungeon.
You worshipped Cheibriados.
Cheibriados was pleased with you.
You were not hungry.

You visited 1 branch of the dungeon, and saw 5 of its levels.

You collected 264 gold pieces.

Inventory:

Hand Weapons
 a - a +1 mace (weapon)
Armour
 b - a +0 robe
 c - a +0 medium shield
 n - a +0 leather armour
 q - a +1 ring mail
 v - the cursed +1 ring mail "Hucaatabe" (worn) {*Drain rF+ Dex+2}
   (You found it on level 3 of the Dungeon)

   It affects your dexterity (+2).
   It protects you from fire.
   It causes draining when unequipped.
   It has a curse placed upon it.
 z - the +1 chain mail "Neisy" {rF+ rN+ MR+, unknown}
   (You found it on level 4 of the Dungeon)

   It protects you from fire.
   It protects you from negative energy.
   It affects your resistance to hostile enchantments.
 B - the cursed +0 plate armour of Soamorgh {*Corrode +Blink +Fly MR++ Str-4, unknown}
   (You found it on level 5 of the Dungeon)

   It affects your strength (-4).
   It affects your resistance to hostile enchantments.
   It lets you fly.
   It lets you blink.
   It may corrode you when you take damage.
   It has a curse placed upon it.
Scrolls
 j - a scroll of teleportation
 k - a scroll of enchant weapon
 m - 2 scrolls of remove curse
 r - 3 scrolls of amnesia
 s - a scroll of enchant armour
 t - 8 scrolls of identify
 y - a scroll of magic mapping
 A - a scroll of fear {unknown}
Potions
 f - 2 potions of haste {unknown}
 g - a potion of berserk rage {unknown}
 h - 3 potions of curing {unknown}
 i - 4 potions of flight {unknown}
 l - a potion of brilliance {unknown}
 o - a potion of resistance {unknown}
 p - a potion of lignification {unknown}
 u - 2 potions of ambrosia {unknown}
 w - 3 potions of heal wounds {unknown}
 x - a potion of degeneration {unknown}
Comestibles
 e - 5 rations {!d}


   Skills:
 + Level 4.5 Fighting
 + Level 7.2 Maces & Flails
 * Level 4.6 Armour
 - Level 2.4 Stealth
 - Level 2.0 Shields
 - Level 1.0 Spellcasting
 - Level 0.7 Hexes
   Level 1.3 Evocations


You had 6 spell levels left.
You knew the following spells:

 Your Spells              Type           Power        Failure   Level  Hunger
a - Slow                  Hex            #.......     16%         1    None
Your spell library was empty.

Dungeon Overview and Level Annotations

Branches:
Dungeon (5/12)
 Temple: D:4-7

Altars:
Dithmenos
Nemelex Xobeh
Qazlal
Yredelemnul
The Shining One

Annotations:
D:3 exclusion: orc warrior
D:5 Menkaure


Innate Abilities, Weirdness & Mutations

You are small and have problems with some larger weapons.
You cover ground slowly.
Armour does not affect your spellcasting.


Message History

Menkaure blazes with dark energy!
The orc priest calls upon Beogh to heal the orc.
The orc's wounds heal themselves!
Menkaure barely misses you.
An orc comes into view. It is wielding a +0 flail.
Menkaure hits you!
* * * LOW HITPOINT WARNING * * *
The orc shouts!
Evoke which item? (* to show all) (? for menu, Esc to quit)
Aiming: Paralyse
Press: ? - help, Shift-Dir - straight line, f/p - Menkaure
Aim: Menkaure (chance to defeat MR: 50%) Menkaure resists with some effort.
The now-empty wand crumbles to dust.
An adder comes into view.
As you read the scroll labeled RELOHO KIUGH, it crumbles to dust.
You feel aware of your surroundings.
It was a scroll of magic mapping.
The orc hits you from afar with a cursed +0 spear.
* * * LOW HITPOINT WARNING * * *
The orc priest calls down the wrath of Beogh upon you.
Beogh smites you!
You die...

#.#,* *,* #.#,* *,***
#.#,**********,,,*
#.#,<,,,,,,,,,,,,# *
#.#*************.# *
#.########### *#.## *
#...........###...###*********
###########..........,,,,,,,,,
###@#####.,,,,,*****
*********#M# **>*,*,,,,,,,,
*,,,,,,,,oo#**,***,,,,***,,
*,***,**#oo#*,*,*,,,,,,,,,,
*,* *,**...#,*,*,****,,***,
*,* *,*#....,,,,,* *,,* *, *,*
*,*#..##*,*,** *,,***, *,*
*,*#S.* *,,,,* **,,,,*, *,*
*,**,,* ***,,* *,,,,,*,


You could see Menkaure, an orc priest, an adder (wandering) and 3 orcs.

Vanquished Creatures
  An ice beast (D:5)
  A phantom (D:4)
  A howler monkey (D:4)
  A crimson imp (D:3)
  Jessica (D:3)
  2 worker ants (D:4)
  4 adders
  A shadow imp (D:5)
  An ooze (D:1)
  2 worms (D:3)
  3 dart slugs
  3 leopard geckos
  An orc (D:3)
  6 bats
  3 giant cockroaches
  4 goblins
  9 hobgoblins
  3 frilled lizards (D:2)
  8 kobolds
  2 rats (D:2)
57 creatures vanquished.

Notes
Turn   | Place    | Note
-------+----------+-------------------------------------------
     0 | D:1      | Faustar the Sand Dwarf Sloth Apostle began the quest for
                  | the Orb.
     0 | D:1      | Reached XP level 1. HP: 18/18 MP: 2/2
   129 | D:1      | Reached skill level 4 in Maces & Flails
   129 | D:1      | Reached XP level 2. HP: 25/25 MP: 3/3
   678 | D:1      | Reached skill level 5 in Maces & Flails
   678 | D:1      | Reached XP level 3. HP: 30/30 MP: 4/4
   841 | D:1      | Reached * piety under Cheibriados
  1939 | D:3      | Found a stormy altar of Qazlal.
  2085 | D:3      | Noticed an air elemental
  2085 | D:3      | Noticed an earth elemental
  2089 | D:3      | Reached skill level 1 in Armour
  2089 | D:3      | Reached XP level 4. HP: 38/38 MP: 5/5
  2138 | D:3      | Found a basalt altar of Yredelemnul.
  2144 | D:3      | Noticed Jessica
  2149 | D:3      | Killed Jessica
  2149 | D:3      | Reached skill level 6 in Maces & Flails
  2187 | D:3      | Reached XP level 5. HP: 45/45 MP: 6/6
  2215 | D:3      | Found a shadowy altar of Dithmenos.
  2241 | D:3      | Noticed an orc warrior
  2332 | D:3      | Noticed a fire elemental
  2336 | D:3      | Noticed a water elemental
  2391 | D:3      | Found a glowing golden altar of the Shining One.
  2674 | D:3      | Found a sparkling altar of Nemelex Xobeh.
  2674 | D:3      | Found a transporter.
  2690 | D:3      | Got a jewelled ring mail
  2712 | D:3      | Identified the cursed +1 ring mail "Hucaatabe" {*Drain rF+
                  | Dex+2} (You found it on level 3 of the Dungeon)
  2761 | D:4      | Noticed a phantom
  2782 | D:4      | Killed a phantom
  2782 | D:4      | Reached ** piety under Cheibriados
  2782 | D:4      | Reached XP level 6. HP: 47/52 MP: 7/7
  3329 | D:4      | Got a masterwork chain mail
  3380 | D:5      | Entered Level 5 of the Dungeon
  3399 | D:5      | Got a fine plate armour
  3437 | D:5      | Noticed an ice beast
  3466 | D:5      | Killed an ice beast
  3466 | D:5      | Reached skill level 7 in Maces & Flails
  3637 | D:5      | Noticed Menkaure
  3684 | D:5      | Killed from afar by an orc priest

Skill      XL: |  1  2  3  4  5  6 |
---------------+-------------------+-----
Maces & Flails | 4 5 6 7 |  7.2
Fighting       | 3 4 |  4.5
Armour         | 1 2 3 4 |  4.6
Stealth        | |  2.4
Shields        | |  2.0
Spellcasting   | |  1.0
Hexes          | |  0.7
Evocations     | |  1.3

Action                   |  1- 3 |  4- 6 || total
-------------------------+-------+-------++-------
Melee: Mace              |   135 |   114 ||   249
Evoke: Wand              |     2 |     8 ||    10
  Use: Scroll            |       |     7 ||     7
 Stab: Sleeping          |     6 |     1 ||     7
       Paralysed         |     4 |       ||     4
  Eat: Chunk             |     4 |     8 ||    12
Armor: Robe              |     8 |       ||     8
       Ring mail         |    32 |    24 ||    56
       Leather armour    |     7 |       ||     7
Dodge: Dodged            |   101 |    74 ||   175
